 Dungeon Crawl Stone Soup version 0.31-a0-187-gba352fbbf7 (webtiles) character file.

Game seed: 4945356233544541022

187 Gorgondantess the Shooter (level 5, -3/25 HPs)
             Began as a Spriggan Hunter on June 22, 2023.
             Slain by an orc
             ... wielding a +0 hand axe
              (7 damage)
             ... on level 3 of the Dungeon.
             The game lasted 00:04:43 (2407 turns).

Gorgondantess the Shooter (Spriggan Hunter)         Turns: 2407, Time: 00:04:43

Health: -3/25      AC:  2    Str:  7    XL:     5   Next: 39%
Magic:  6/6        EV: 17    Int: 13    God:
Gold:   137        SH:  0    Dex: 18    Spells: 4/4 levels left

rFire   . . .        a - +0 shortbow
rCold   . . .        (shield currently unavailable)
rNeg    . . .        c - +0 robe
rPois   .            (helmet restricted)
rElec   .            (no cloak)
rCorr   .            (gloves unavailable)
SInv    +            (boots unavailable)
Will    .....        (no amulet)
Stlth   ++           (no ring)
HPRegen 0.24/turn    (no ring)
MPRegen 0.10/turn

%: no passive effects
@: very quick
A: very small, no large weapons, unfitting armour, see invisible, speed 3
a: no special abilities


You were on level 3 of the Dungeon.
You visited 1 branch of the dungeon, and saw 3 of its levels.

You collected 137 gold pieces.

Inventory:

Hand Weapons
 a - a +0 shortbow (weapon)
Missiles
 f - 6 poisoned darts
Armour
 c - a +0 robe (worn)
Magical Staves
 e - a staff of poison
Jewellery
 k - an amulet of faith
Scrolls
 b - a scroll of butterflies
 h - a scroll of blinking {unknown}
 j - 3 scrolls of identify {unknown}
 m - a scroll of vulnerability {unknown}
Potions
 d - a potion of haste {unknown}
 g - a potion of curing {unknown}
 i - a potion of attraction {unknown}
 l - a potion of brilliance {unknown}
 n - 2 potions of cancellation {unknown}


   Skills:
 - Level 1.5 Fighting
 + Level 6.7 Ranged Weapons
 - Level 2.6 Dodging
 - Level 1.5 Stealth


You had 4 spell levels left.
You didn't know any spells.
Your spell library contained the following spells:

 Spells                   Type           Power      Damage    Failure   Level
 Sublimation of Blood     Necr           0%         N/A       43%         2
 Wereblood                Tmut           0%         N/A       43%         2
 Ozocubu's Armour         Ice            0%         N/A       67%         3
 Summon Guardian Golem    Hex/Summ       0%         N/A       67%         3
 Orb of Destruction       Conj           0%         9d5       100%        7
 Ozocubu's Refrigeration  Ice            0%         4d7       100%        7
 Spellforged Servitor     Conj/Summ      0%         N/A       100%        7
 Summon Hydra             Summ           0%         N/A       100%        7


Dungeon Overview and Level Annotations

Branches:
Dungeon (3/15)

Altars:
Gozag
Uskayaw


Innate Abilities, Weirdness & Mutations

You are very small and have problems with some larger weapons.
You are too small for most types of armour.
You have supernaturally acute eyesight. (SInv)
You cover ground extremely quickly. (Speed+++)


Message History

The orc priest mumbles some strange prayers to Beogh against you.
Beogh smites you!
* * * LOW HITPOINT WARNING * * *
You are too injured to fight recklessly!
You are too injured to fight recklessly!
You are too injured to fight recklessly!
You are too injured to fight recklessly!
You are too injured to fight recklessly!
Fire: a) +0 shortbow
Press: ? - help, Q - select action, (/) - cycle Shift-Dir - straight line, f/p - orc
Aim: an orc, wielding a +0 mace and wearing a +0 scale mail (severely wounded, 68% to hit)
You shoot an arrow. The arrow hits the orc.
You kill the orc!
Fire: a) +0 shortbow
Press: ? - help, Q - select action, (/) - cycle Shift-Dir - straight line, f - orc
Aim: an orc, wielding a +0 hand axe and wearing a +0 scale mail (68% to hit)
You shoot an arrow. The arrow barely misses the orc.
Unknown command.
Fire: a) +0 shortbow
Press: ? - help, Q - select action, (/) - cycle Shift-Dir - straight line, f/p - orc
Aim: an orc, wielding a +0 hand axe and wearing a +0 scale mail (68% to hit)
You shoot an arrow. The arrow closely misses the orc.
Unknown command.
Fire: a) +0 shortbow
Press: ? - help, Q - select action, (/) - cycle Shift-Dir - straight line, f/p - orc
Aim: an orc, wielding a +0 hand axe and wearing a +0 scale mail (68% to hit)
You shoot an arrow.
The arrow hits the orc but does no damage.
The orc hits you with a +0 hand axe.
* * * LOW HITPOINT WARNING * * *
You shoot an arrow. The arrow barely misses the orc.
The orc hits you with a +0 hand axe.
* * * LOW HITPOINT WARNING * * *
The orc priest miscasts a cantrip.
You shoot an arrow. The arrow barely misses the orc.
The orc misses you. The orc barely misses you.
You shoot an arrow. The arrow hits the orc.
The orc is severely wounded.
The orc hits you with a +0 hand axe!
You die...

....... ..... ..o
#'# ###.####
#...)..###
#.....o..#
#....#o#.#
#....o@#.#
##....#.#.#####.
................
###.#.##.#.######
#.#.##.#.#
#........#
###.######
#.########
#.#......#


You could see an orc priest and 2 orcs.

Vanquished Creatures
  An orc priest (D:2)
  An orc wizard (D:2)
  A gnoll (D:2)
  3 adders (D:2)
  3 dart slugs
  5 orcs
  8 endoplasms
  4 giant cockroaches
  4 hobgoblins
  10 jackals (D:1)
  10 kobolds
  2 quokkas (D:2)
  4 ball pythons
  7 bats
  2 frilled lizards (D:1)
  8 goblins
  8 rats
81 creatures vanquished.

Notes
Turn   | Place    | Note
-------+----------+-------------------------------------------
     0 | D:1      | Gorgondantess the Spriggan Hunter began the quest for the
                  | Orb.
     0 | D:1      | Reached XP level 1. HP: 10/10 MP: 2/2
   162 | D:1      | Reached XP level 2. HP: 14/14 MP: 3/3
   562 | D:1      | Reached skill level 5 in Ranged Weapons
   599 | D:1      | Reached XP level 3. HP: 18/18 MP: 4/4
  1253 | D:2      | Reached XP level 4. HP: 17/22 MP: 5/5
  1591 | D:2      | Reached skill level 6 in Ranged Weapons
  1743 | D:3      | Found a hide-covered altar of Uskayaw.
  1754 | D:2      | HP: 1/22 [orc/+0 hand axe (3)]
  1865 | D:2      | Reached XP level 5. HP: 12/25 MP: 6/6
  2083 | D:3      | Found an opulent altar of Gozag.
  2407 | D:3      | Slain by an orc

Illustrated notes

Levels and vault maps discovered:
D:1:      tarquinn_simple_flora_water_e, layout_basic, serial_corexii_hall,
          chequers_hall_statues_wall_a, chequers_hall_statues_corner_a,
          chequers_hall_statues_wall_a, corexii_hall_statues_x
D:2:      minmay_diamond_boxcup, layout_basic, minmay_heptomino_h4
D:3:      layout_loops_corners, mainiacjoe_overflow_tiny_flanked,
          mainiacjoe_overflow_boulevard, reono_crystal_passage

Skill      XL: |  1  2  3  4 |
---------------+-------------+-----
Ranged Weapons | 5 6 |  6.7
Fighting       | |  1.5
Dodging        | |  2.6
Stealth        | |  1.5

Action                     |  1- 3 |  4- 6 || total
---------------------------+-------+-------++-------
   Fire: Shortbow          |   119 |   120 ||   239
 Armour: Robe              |     9 |     1 ||    10
  Dodge: Dodged            |    25 |    43 ||    68

Table legend: (Time is in decaauts)
 A = Elapsed time spent in this place.
 B = Non-inter-level travel time spent in this place.
 C = Inter-level travel time spent in this place.
 D = Time resting spent in this place.
 E = Time spent auto-exploring this place.
 F = Levels seen in this place.
 G = Mean time per level.
                   A        B        C        D        E       F      G
               +--------+--------+--------+--------+--------+-----+--------+
         Total |   1702 |   1644 |     58 |    144 |   1074 |   3 |  567.3 |
       Dungeon |   1702 |   1644 |     58 |    144 |   1074 |   3 |  567.3 |
               +--------+--------+--------+--------+--------+-----+--------+

Top non-repeatable levels by time:
     D:1: 824 daAuts
     D:2: 601 daAuts
     D:3: 276 daAuts
